 Dungeon Crawl Stone Soup version 0.24.1 (webtiles) character file.

Game seed: 12268878880828393926, levelgen mode: deterministic

5 M4edhros the Grave Robber (level 1, 0/11 HPs)
             Began as an Octopode Necromancer on Mar 31, 2020.
             Slain by a bat (1 damage)
             ... on level 1 of the Dungeon.
             The game lasted 00:00:35 (147 turns).

M4edhros the Grave Robber (Octopode Necromancer)     Turns: 147, Time: 00:00:36

Health: 0/11       AC:  1    Str:  7    XL:     1   Next: 80%
Magic:  2/3        EV: 13    Int: 17    God:
Gold:   12         SH:  0    Dex: 12    Spells: 2/4 levels left

rFire    . . .     SeeInvis .   (no weapon)
rCold    . . .     Gourm    .   (no shield)
rNeg     . . .     Faith    .   (helmet restricted)
rPois    .         Spirit   .   (no amulet)
rElec    .         Reflect  .   (no ring)
rCorr    .         Harm     .   (no ring)
MR       .....                  (no ring)
Stlth    +++.......             (no ring)
HPRegen  0.03/turn              (no ring)
MPRegen  0.08/turn              (no ring)
                                (no ring)
                                (no ring)

@: no status effects
A: almost no armour, stealthy swim, amphibious, 8 rings, constrict 8, camouflage
1, gelatinous body 1
a: no special abilities


You were on level 1 of the Dungeon.
You were not hungry.

You visited 1 branch of the dungeon, and saw 1 of its levels.

You collected 12 gold pieces.

Inventory:

Scrolls
 a - a scroll of noise {unknown}
 c - a scroll of identify {unknown}
 e - a scroll of teleportation {unknown}
 f - a scroll of enchant weapon {unknown}
Comestibles
 b - a ration
 d - a chunk of flesh


   Skills:
 + Level 2.1 Dodging
 + Level 2.9 Stealth
 * Level 0.8 Unarmed Combat
 - Level 2.0 Spellcasting
 - Level 4.0 Necromancy


You had 2 spell levels left.
You knew the following spells:

 Your Spells              Type           Power        Failure   Level  Hunger
a - Pain                  Necr           ###.         3%          1    #......
b - Animate Skeleton      Necr           N/A          3%          1    #......

Your spell library contained the following spells:

 Spells                   Type           Power        Failure   Level  Hunger
 Vampiric Draining        Necr           ###.......   11%         3    ###....
 Regeneration             Chrm/Necr      #.........   26%         3    ###....
 Animate Dead             Necr           N/A          36%         4    #####..


Dungeon Overview and Level Annotations

Branches:
Dungeon (1/15)

Altars:


Innate Abilities, Weirdness & Mutations

You cannot wear most types of armour.
You are very stealthy in the water. (Stealth+)
You are amphibious.
You can wear up to eight rings at the same time.
You can use your tentacles to constrict eight enemies at once.
Your skin changes colour to match your surroundings (Stealth+).
Your rubbery body absorbs attacks. (AC +1, EV +1)


Message History

The ball python bites you but does no damage.
* * * LOW HITPOINT WARNING * * *
The ball python constricts you. The ball python completely misses you.
The ball python constricts you.
Unknown command.
You tentacle-slap the ball python. You squeeze the ball python.
You kill the ball python!
The bat barely misses you.
Unknown command.
You tentacle-slap the bat but do no damage.
Your grab misses the bat.
The bat is moderately wounded.
The bat barely misses you.
Casting: Animate Skeleton (safe; 3% risk of failure)
Confirm with . or Enter, or press ? or * to list all spells.
Aiming: Pain (safe; 3% risk of failure)
Press: ? - help, Shift-Dir - straight line, f - bat
Aim: a bat (moderately wounded, chance to defeat MR: 85%)
The bat writhes in agony.
The bat hits you.
You die...

# #.#####
###.#...
#......#
#....b@#
#......#####
######.....#
#.....#
#.....#####
#.........#
###.....#.#
#.....#.#####
#.....#.....##


You could see a bat.

Vanquished Creatures
  A ball python (D:1)
  A giant cockroach (D:1)
  A goblin (D:1)
  A bat (D:1)
  A frilled lizard (D:1)
5 creatures vanquished.

Notes
Turn   | Place    | Note
-------+----------+-------------------------------------------
     0 | D:1      | M4edhros the Octopode Necromancer began the quest for the
                  | Orb.
     0 | D:1      | Reached XP level 1. HP: 11/11 MP: 3/3
   103 | D:1      | Learned a level 1 spell: Animate Skeleton
   147 | D:1      | Slain by a bat

Levels and vault maps discovered:
D:1:      minmay_arrival_glassed_features, layout_basic,
          kennysheep_pointless_box, minmay_pentomino_u4

Action                   || total
-------------------------++-------
Melee: Unarmed           ||    22
       Constrict         ||     5
       Tentacles         ||     5
 Cast: Pain              ||     1
       Animate Skeleton  ||     1
 Stab: Sleeping          ||     2
Armor: Skin              ||     7
Dodge: Dodged            ||    16
